 Dungeon Crawl Stone Soup version 0.29-a0-876-gfc89b1a5bd (webtiles) character file.

Game seed: 2035947734945531094

695 mcwallace the Caller (level 7, 0/40 HPs)
             Began as a Deep Elf Summoner on July 19, 2022.
             Slain by a black bear (1 damage)
             ... on level 5 of the Dungeon.
             The game lasted 00:14:45 (6551 turns).

mcwallace the Caller (Deep Elf Summoner)            Turns: 6551, Time: 00:14:46

Health: 0/40       AC:  3    Str:  5    XL:     7   Next: 37%
Magic:  0/17       EV: 14    Int: 22    God:
Gold:   262        SH:  0    Dex: 15    Spells: 14/17 levels left

rFire   . . .      SeeInvis .   u - +1 dagger (speed) {short}
rCold   . . .      Faith    .   (no shield)
rNeg    . . .      Spirit   +   a - +0 robe
rPois   .          Reflect  .   t - +0 helmet
rElec   .          Harm     .   (no cloak)
rCorr   .          Rampage  .   (no gloves)
Will    .....                   (no boots)
Stlth   +++.......              Q - amulet of guardian spirit
HPRegen 0.13/turn               (no ring)
MPRegen 0.15/turn               (no ring)

@: no status effects
A: no striking features
a: no special abilities


You were on level 5 of the Dungeon.
You visited 1 branch of the dungeon, and saw 5 of its levels.

You collected 262 gold pieces.


   Skills:
 + Level 2.8 Fighting
 + Level 5.0 Dodging
 - Level 5.0 Stealth
 + Level 5.6 Spellcasting
 + Level 5.9 Summonings


You had 14 spell levels left.
You knew the following spells:

 Your Spells              Type           Power      Damage    Failure   Level
b - Call Canine Familiar  Summ           32%        N/A       2%          3

Your spell library contained the following spells:

 Spells                   Type           Power      Damage    Failure   Level
 Summon Small Mammal      Summ           100%       N/A       1%          1
 Call Imp                 Summ           32%        N/A       1%          2
 Summon Guardian Golem    Hex/Summ       19%        N/A       9%          3
 Portal Projectile        Hex/Tloc       12%        N/A       28%         3
 Summon Lightning Spire   Summ/Air       19%        N/A       28%         4
 Leda's Liquefaction      Hex/Erth       3%         N/A       67%         4

Inventory:

Hand Weapons
 c - a +0 whip {mace}
   (You took it off a kobold on level 1 of the Dungeon)
 d - a +0 dagger {short}
   (You took it off a goblin on level 1 of the Dungeon)
 n - a +0 short sword {short}
   (You took it off a kobold on level 1 of the Dungeon)
 u - a +1 dagger of speed (weapon) {short}
   (You took it off a goblin on level 2 of the Dungeon)
 R - a +2 short sword of holy wrath {short}
   (You found it on level 5 of the Dungeon)
Missiles
 f - 9 poisoned darts {throwing}
 m - 26 stones {throwing}
Armour
 a - a +0 robe (worn)
 g - a +0 robe
   (You found it on level 1 of the Dungeon)
 i - a +0 scale mail
   (You found it on level 1 of the Dungeon)
 k - a +0 ring mail
   (You found it on level 1 of the Dungeon)
 l - a +0 ring mail
   (You found it on level 1 of the Dungeon)
 p - a +0 ring mail
   (You took it off an orc on level 2 of the Dungeon)
 q - a +0 leather armour
   (You took it off an orc on level 2 of the Dungeon)
 s - a +0 animal skin
   (You took it off Robin on level 2 of the Dungeon)
 t - a +0 helmet (worn)
   (You took it off Robin on level 2 of the Dungeon)
 w - a +0 ring mail
   (You took it off an orc on level 3 of the Dungeon)
 D - a +0 chain mail
   (You found it on level 3 of the Dungeon)
 M - a +0 chain mail
   (You took it off an orc on level 4 of the Dungeon)
 N - a +0 ring mail
   (You took it off an orc on level 4 of the Dungeon)
Magical Staves
 x - a staff of death {!astaff}
   (You found it on level 3 of the Dungeon)
Jewellery
 Q - an amulet of guardian spirit (around neck)
   (You found it on level 5 of the Dungeon)
Wands
 E - a wand of polymorph (7)
   (You found it on level 3 of the Dungeon)
Scrolls
 e - 2 scrolls of vulnerability {unknown}
 h - a scroll of fear {unknown}
 o - a scroll of amnesia
 r - 2 scrolls of summoning {unknown}
 v - 2 scrolls of noise {!r}
 y - a scroll of poison {unknown}
 z - a scroll of enchant armour {unknown}
 B - 3 scrolls of fog {unknown}
 C - a scroll of teleportation {@r4}
 I - a scroll of enchant weapon {unknown}
 K - a scroll of identify {unknown}
Potions
 j - a potion of heal wounds {unknown}
 A - a potion of degeneration {unknown}
 F - a potion of lignification {unknown}
 G - a potion of resistance {unknown}
 H - 3 potions of curing {unknown}
 J - a potion of might {unknown}
 L - a potion of brilliance {unknown}
 O - a potion of flight {unknown}
 P - a potion of berserk rage {unknown}
 S - a potion of mutation {unknown}

Dungeon Overview and Level Annotations

Branches:
Dungeon (5/15) Zot: 23494
 Temple: D:4-7

Altars:
Dithmenos
Sif Muna

Shops:
D:1

[ #...##'## ####
############...#≈≈≈###...
#####......##......+≈≈≈'.#...
#####.####.##......#≈≈≈#.'..h
## ##.####.....<#.###'##.#...
#####.####.'.>...).......+...
######.####.#....#.########...
#...........#.h..#.# #...
#.####.######@h###.# ####
#.####.######..###.#
#.####.####......#.#
#.####.####...##.#.#
#......+......##.#.#
########......##.#.#
#................#'###
#....##########......# #....#
#.............#


You could see a black bear (berserk, ally target) and a friendly hound
(summoned).


Message History

t - Shout!
Orders for allies: a - Attack new target. r - Retreat! s - Stop attacking. g - Guard the area. f - Follow me.
Anything else - Cancel.
Gang up on whom?
Press: ? - help, Dir - move target, f - black bear
Aim: a black bear (heavily wounded, ally target) Attack!
Your wolf barely misses the black bear.
The black bear bites your wolf. The black bear claws your wolf.
The black bear barely misses your wolf.
Your wolf closely misses the black bear.
Your wolf barely misses the black bear.
The black bear misses your wolf.
The black bear closely misses your wolf.
The black bear barely misses your wolf.
Your wolf barely misses the black bear.
Your wolf completely misses the black bear.
The black bear bites your wolf.
The black bear claws your wolf but does no damage.
The black bear barely misses your wolf. 😎 MP[+1]
Your wolf closely misses the black bear.
The black bear bites your wolf. The black bear barely misses your wolf.
The black bear misses your wolf.
Your wolf barely misses the black bear.
Your wolf completely misses the black bear.
The black bear closely misses your wolf.
The black bear misses your wolf. x2
Your wolf barely misses the black bear.
Your wolf bites the black bear!
The black bear bites your wolf. The black bear claws your wolf.
Your wolf dies!
Your wolf's corpse disappears in a puff of smoke!
Casting: Call Canine Familiar (dangerous; 2% risk of failure)
Press: ? - help, Q - select action, (/) - cycle Dir - look around, f - activate 😎 MP[-3]
You lost 3 mp, and now have 9/17 mp.
What are your orders? t - Shout!
Orders for allies: a - Attack new target. r - Retreat! s - Stop attacking. g - Guard the area. f - Follow me.
Anything else - Cancel.
Gang up on whom?
Press: ? - help, Dir - move target, f - black bear
Aim: a black bear (almost dead, ally target) Attack!
The black bear goes berserk!
The black bear rages.
The black bear rages.
Your hound bites the black bear but does no damage. 😎 MP[+1]
You hit the black bear but do no damage.
The black bear completely misses you. The black bear closely misses you.
The black bear claws you. 😕 HP[-4] MP[-1]
You take 4 damage, and now have 36/40 hp.
You lost 1 mp, and now have 9/17 mp.
You barely miss the black bear.
Your hound bites the black bear.
The black bear bites you! The black bear claws you.
The black bear barely misses you. 😮 HP[-10] MP[-3]
You take 10 damage, and now have 26/40 hp.
MASSIVE DAMAGE!! (PAUSE)
You lost 3 mp, and now have 6/17 mp.
You hit the black bear. Your hound misses the black bear.
The black bear bites you. The black bear closely misses you.
The black bear claws you.
* * * LOW HITPOINT WARNING * * *
😨 HP[-7] MP[-2]
You take 7 damage, and now have 19/40 hp.
You lost 2 mp, and now have 4/17 mp.
You closely miss the black bear.
Your hound bites the black bear but does no damage.
The black bear bites you!
* * * LOW HITPOINT WARNING * * *
The black bear claws you.
* * * LOW HITPOINT WARNING * * *
The black bear barely misses you. 😱 HP[-11] MP[-1]
You take 11 damage, and now have 8/40 hp.
MASSIVE DAMAGE!! (PAUSE)
You lost 1 mp, and now have 3/17 mp.
Magic courses through your body.
Your hound bites the black bear.
The black bear bites you!
* * * LOW HITPOINT WARNING * * *
The black bear claws you.
* * * LOW HITPOINT WARNING * * *
The black bear barely misses you.
Your hound barely misses the black bear. 😱 HP[-4] MP[+8]
You take 4 damage, and now have 4/40 hp.
You regained 8 mp, and now have 11/17 mp.
The black bear attacks as you move away!
The black bear bites you.
* * * LOW HITPOINT WARNING * * *
The black bear completely misses you. The black bear claws you.
* * * LOW HITPOINT WARNING * * *
The black bear misses you. The black bear claws you.
* * * LOW HITPOINT WARNING * * *
The black bear claws you.
You die...

Skill      XL: |  1  2  3  4  5  6  7 |
---------------+----------------------+-----
Stealth        | 3 4 5 |  5.0
Dodging        | 3 4 5 |  5.0
Fighting       | 1 2 |  2.8
Spellcasting   | 4 5 |  5.6
Summonings     | 5 |  5.9

Action                   |  1- 3 |  4- 6 |  7- 9 || total
-------------------------+-------+-------+-------++-------
Melee: Dagger            |    10 |   148 |     4 ||   162
       Whip              |     1 |       |       ||     1
       Short sword       |    25 |       |       ||    25
       Punch             |     1 |     2 |       ||     3
 Cast: Summon Small Mamm |    44 |    12 |       ||    56
       Call Canine Famil |     2 |    16 |     6 ||    24
  Use: Scroll            |       |     3 |       ||     3
       Potion            |       |       |     1 ||     1
 Stab: Sleeping          |     1 |     3 |       ||     4
       Distracted        |     1 |       |       ||     1
Armor: Robe              |     8 |    18 |       ||    26
Dodge: Dodged            |    22 |    77 |    10 ||   109

Levels and vault maps discovered:
D:1:      mrwooster_arrival_statue_3, layout_loops_corners, serial_shops, shop,
          minmay_tree_intersection
D:2:      layout_loops_corners, serial_forest, infiniplex_forest_straight_2,
          infiniplex_forest_zigzag_1, infiniplex_forest_zigzag_1,
          infiniplex_forest_clump_double, infiniplex_forest_end_1,
          infiniplex_forest_lined_room_, infiniplex_forest_lined_2,
          infiniplex_forest_lined_4_way,
          hellmonk_ecumenical_altar_defaced_shrine, grunt_decor_clamped,
          uniq_robin
D:3:      layout_loops_ring, kennysheep_orc_sif_temple,
          mainiacjoe_overflow_24_doors
D:4:      layout_gridville
D:5:      layout_basic, reono_crystal_passage, minmay_liquid_box

Notes
Turn   | Place    | Note
-------+----------+-------------------------------------------
     0 | D:1      | mcwallace the Deep Elf Summoner began the quest for the
                  | Orb.
     0 | D:1      | Reached XP level 1. HP: 10/10 MP: 6/6
     0 | D:1      | magus.rc [v1.9.6]
   351 | D:1      | Reached XP level 2. HP: 12/15 MP: 5/8
  1120 | D:1      | Found Xuves's Armour Shoppe.
  1688 | D:2      | Reached skill level 3 in Stealth
  1688 | D:2      | Reached XP level 3. HP: 10/20 MP: 3/9
  1692 | D:2      | Learned a level 3 spell: Call Canine Familiar
  1966 | D:2      | Reached skill level 3 in Dodging
  2108 | D:2      | Reached skill level 1 in Fighting
  2154 | D:2      | Found a faded altar of an unknown god.
  2510 | D:2      | Noticed Robin
  2533 | D:2      | Killed Robin
  2534 | D:2      | Reached XP level 4. HP: 12/25 MP: 9/11
  3824 | D:3      | Reached skill level 4 in Spellcasting
  3839 | D:3      | HP: 5/25 [gnoll/+0 club (7)]
  4297 | D:3      | Found a shimmering blue altar of Sif Muna.
  4395 | D:3      | Found a shadowy altar of Dithmenos.
  4800 | D:4      | Noticed a phantom
  4816 | D:4      | Reached XP level 5. HP: 29/29 MP: 6/13
  4836 | D:4      | Killed a phantom
  4837 | D:4      | Reached skill level 4 in Stealth
  4837 | D:4      | Reached skill level 5 in Summonings
  5017 | D:4      | Noticed a phantom
  5034 | D:4      | Killed a phantom
  5035 | D:4      | Reached skill level 2 in Fighting
  5035 | D:4      | Reached skill level 4 in Dodging
  5035 | D:4      | Reached XP level 6. HP: 28/35 MP: 12/15
  5119 | D:4      | You pick up a book of the Hunter and begin reading...
  5119 | D:4      | You add the spells Portal Projectile and Leda's
                  | Liquefaction to your library.
  5148 | D:4      | Noticed a sky beast
  5170 | D:4      | Killed a sky beast
  5294 | D:4      | Reached skill level 5 in Spellcasting
  6052 | D:5      | Entered Level 5 of the Dungeon
  6334 | D:5      | Reached skill level 5 in Stealth
  6334 | D:5      | Reached XP level 7. HP: 24/40 MP: 12/17
  6512 | D:5      | Reached skill level 5 in Dodging
  6549 | D:5      | HP: 8/40 [black bear (4)]
  6551 | D:5      | HP: 3/40 [black bear (1)]
  6551 | D:5      | HP: 1/40 [black bear (1)]
  6551 | D:5      | Slain by a black bear

Vanquished Creatures
  A sky beast (D:4)
  2 phantoms
  A hound (D:4)
  A gnoll (D:3)
  A worm (D:3)
  2 dart slugs
  An orc (D:4)
  3 giant cockroaches
  6 goblins
  A hobgoblin (D:4)
  2 jackals (D:2)
  2 quokkas
  4 ball pythons
  2 frilled lizards
  3 kobolds
  2 rats
34 creatures vanquished.

Vanquished Creatures (collateral kills)
  2 phantoms
  A hound (D:5)
  An iguana (D:4)
  Robin (D:2)
  6 gnolls
  3 adders
  3 worms
  10 orcs
  6 endoplasms
  A giant cockroach (D:4)
  7 goblins
  5 hobgoblins
  A jackal (D:2)
  4 kobolds
  5 quokkas
  3 ball pythons
  A bat (D:1)
  A frilled lizard (D:1)
  3 rats (D:1)
64 creatures vanquished.

Grand Total: 98 creatures vanquished

Table legend:
 A = Non-vault XP
 B = Vault XP
 C = Vault XP percentage of total XP
 D = Non-vault monster count
 E = Vault monster count
 F = Vault count percentage of total count
                 A         B        C        D         E       F
            +---------+---------+-------+---------+---------+-------
      Total |     952 |      41 |   4.1 |      86 |      12 |  12.2
            +---------+---------+-------+---------+---------+-------
        D:1 |      33 |       0 |   0.0 |      20 |       0 |   0.0
        D:2 |      47 |      38 |  44.7 |      14 |      11 |  44.0
        D:3 |      74 |       3 |   3.9 |      17 |       1 |   5.6
        D:4 |     470 |       0 |   0.0 |      26 |       0 |   0.0
        D:5 |     328 |       0 |   0.0 |       9 |       0 |   0.0
            +---------+---------+-------+---------+---------+-------

Illustrated notes

Table legend:
 A = Kills in this place as a percentage of kills in entire the game.
 B = Kills by you in this place as a percentage of kills by you in the entire game.
 C = Kills by friends in this place as a percentage of kills by friends in the entire game.
 D = Other kills in this place as a percentage of other kills in the entire game.
 E = Experience gained in this place as a percentage of experience gained in the entire game.
 F = Experience gained in this place divided by the number of levels of this place that you have seen.
                   A       B       C       D       E      F
               +-------+-------+-------+-------+-------+----------------------
         Total | 100.0 | 100.0 | 100.0 |   N/A | 100.0 | 198.6
       Dungeon | 100.0 | 100.0 | 100.0 |   N/A | 100.0 | 198.6
               +-------+-------+-------+-------+-------+----------------------

Table legend: (Time is in decaauts)
 A = Elapsed time spent in this place.
 B = Non-inter-level travel time spent in this place.
 C = Inter-level travel time spent in this place.
 D = Time resting spent in this place.
 E = Time spent auto-exploring this place.
 F = Levels seen in this place.
 G = Mean time per level.
                   A        B        C        D        E       F      G
               +--------+--------+--------+--------+--------+-----+--------+
         Total |   6504 |   6363 |    141 |    386 |   4909 |   5 | 1300.8 |
       Dungeon |   6504 |   6363 |    141 |    386 |   4909 |   5 | 1300.8 |
               +--------+--------+--------+--------+--------+-----+--------+

Top non-repeatable levels by time:
     D:2: 2119 daAuts
     D:1: 1408 daAuts
     D:3: 1265 daAuts
     D:4: 1227 daAuts
     D:5: 484 daAuts
